PBL
JOPLIN BLASTERS @ AMARILLO THUNDERHEADS
10/10/2044
 
TOP OF THE 1ST
Madison Brewers batting - Pitching for Houston Colt .45's : RHP Matt Konrardy
Pitching: RHP Matt Konrardy
Batting: RHB Brent Campbell 0-0: Hit by Pitch
Batting: RHB Micah Christopher 0-0: Ball
1-0: Fly out, F8 (Flyball, 8RD, EV 99.4 MPH)
Batting: LHB Dan Martinez 0-0: Ball
1-0: Ball
2-0: Ball
3-0: Base on Balls
Brent Campbell to second
Batting: RHB Justin Menotti 0-0: Ball
1-0: Ball
Brent Campbell is caught stealing 3rd base 2-5
Dan Martinez to second
2-0: Foul Ball, location: 2F
2-1: Foul Ball, location: 2F
2-2: Foul Ball, location: 2F
2-2: Foul Ball, location: 2F
2-2: Strikes out swinging
Top of the 1st over - 0 runs, 0 hits, 0 errors, 1 left on base; Madison 0 - Houston 0
BOTTOM OF THE 1ST
Houston Colt .45's batting - Pitching for Madison Brewers : RHP Matt Stutzman
Pitching: RHP Matt Stutzman
Batting: RHB Jerry Shutt 0-0: Ball
1-0: Ball
2-0: Called Strike
2-1: Swinging Strike
2-2: Strikes out swinging
Batting: RHB Alex Gonzales 0-0: Swinging Strike
0-1: Ball
1-1: Ball
2-1: Ground out U3 (Groundball, 34, EV 101.3 MPH)
Batting: LHB Matt Reed 0-0: Called Strike
0-1: Foul Ball, location: 2F
0-2: Foul Ball, location: 2F
0-2: Foul Ball, location: 2F
0-2: Ball
1-2: Foul Ball, location: 2F
1-2: SINGLE (Line Drive, 34D, EV 96.9 MPH)
Batting: LHB Brian Horton 0-0: Ball
Matt Reed steals 2nd base
1-0: Swinging Strike
1-1: Ball
2-1: Fly out, F8 (Flyball, 8LD, EV 91.9 MPH)
Bottom of the 1st over - 0 runs, 1 hit, 0 errors, 1 left on base; Madison 0 - Houston 0
TOP OF THE 2ND
Madison Brewers batting - Pitching for Houston Colt .45's : RHP Matt Konrardy
Batting: RHB Mike Feldhausen 0-0: Called Strike
0-1: Foul Ball, location: 2F
0-2: Foul Ball, location: 2F
0-2: Strikes out swinging
Batting: LHB Peter Whistle 0-0: Ground out 4-3 (Groundball, 4, EV 84.4 MPH)
Batting: RHB Bobby Ujvari 0-0: Swinging Strike
0-1: Foul Ball, location: 2F
0-2: Strikes out swinging
Top of the 2nd over - 0 runs, 0 hits, 0 errors, 0 left on base; Madison 0 - Houston 0
BOTTOM OF THE 2ND
Houston Colt .45's batting - Pitching for Madison Brewers : RHP Matt Stutzman
Batting: RHB Alex Oliveros 0-0: Ball
1-0: Called Strike
1-1: Swinging Strike
1-2: Foul Ball, location: 2F
1-2: Strikes out swinging
Batting: LHB Josh Basford 0-0: Called Strike
0-1: Ball
1-1: Ball
2-1: Ball
3-1: Base on Balls
Batting: RHB Jacob Wright 0-0: Called Strike
0-1: Ball
1-1: Ball
2-1: Ball
3-1: Grounds into double play, 6-4-3 (Groundball, 6, EV 85.0 MPH)
Bottom of the 2nd over - 0 runs, 0 hits, 0 errors, 0 left on base; Madison 0 - Houston 0
TOP OF THE 3RD
Madison Brewers batting - Pitching for Houston Colt .45's : RHP Matt Konrardy
Batting: RHB Brock Rowling 0-0: Ball
1-0: Swinging Strike
1-1: Ball
2-1: SINGLE (Line Drive, 34, EV 107.5 MPH)
Batting: RHB Matt Stutzman 0-0: Bunted foul
0-1: Bunted foul
0-2: Sac Bunt to 15S - play at first, batter OUT! 1-4
Brock Rowling to second
Batting: RHB Brent Campbell 0-0: Called Strike
0-1: Foul Ball, location: 2F
0-2: Ball
1-2: SINGLE (Groundball, 6M, EV 75.6 MPH) (infield hit)
Brock Rowling to third
Batting: RHB Micah Christopher 0-0: Ball
1-0: Ball
2-0: Foul Ball, location: 2F
2-1: Foul Ball, location: 2F
2-2: SINGLE (Groundball, 3D, EV 108.8 MPH)
Brock Rowling scores
Brent Campbell to second
Runner from 2nd tries for 3rd, SAFE, throw by RF made to third
Batting: LHB Dan Martinez 0-0: Called Strike
0-1: SINGLE (Line Drive, 9S, EV 89.4 MPH)
Brent Campbell scores
Micah Christopher to second
Runner from 2nd tries for 3rd, OUT! 9-5
Batting: RHB Justin Menotti 0-0: Ball
1-0: Called Strike
Dan Martinez is caught stealing 2nd base 2-4
Top of the 3rd over - 2 runs, 4 hits, 0 errors, 0 left on base; Madison 2 - Houston 0
BOTTOM OF THE 3RD
Houston Colt .45's batting - Pitching for Madison Brewers : RHP Matt Stutzman
Batting: RHB Brian Clark 0-0: Called Strike
0-1: Foul Ball, location: 2F
0-2: Foul Ball, location: 2F
0-2: Ball
1-2: Ball
2-2: Ball
3-2: Foul Ball, location: 2F
3-2: Ground out 6-3 (Groundball, 6, EV 78.1 MPH)
Batting: LHB Matt Konrardy 0-0: Ball
1-0: Called Strike
1-1: Ball
2-1: Swinging Strike
2-2: Foul Ball, location: 2F
2-2: Strikes out looking
Batting: RHB Jerry Shutt 0-0: Ball
1-0: Ball
2-0: Swinging Strike
2-1: Called Strike
2-2: Strikes out swinging, 2-3 out at first.
Bottom of the 3rd over - 0 runs, 0 hits, 0 errors, 0 left on base; Madison 2 - Houston 0
TOP OF THE 4TH
Madison Brewers batting - Pitching for Houston Colt .45's : RHP Matt Konrardy
Batting: RHB Justin Menotti 0-0: Ball
1-0: Called Strike
1-1: Foul Ball, location: 2F
1-2: Strikes out swinging
Batting: RHB Mike Feldhausen 0-0: Foul Ball, location: 2F
0-1: Fly out, F7 (Line Drive, 7D, EV 99.4 MPH)
Batting: LHB Peter Whistle 0-0: Foul Ball, location: 2F
0-1: Swinging Strike
0-2: Ball
1-2: Strikes out swinging
Top of the 4th over - 0 runs, 0 hits, 0 errors, 0 left on base; Madison 2 - Houston 0
BOTTOM OF THE 4TH
Houston Colt .45's batting - Pitching for Madison Brewers : RHP Matt Stutzman
Batting: RHB Alex Gonzales 0-0: Ground out 5-3 (Groundball, 5, EV 76.9 MPH)
Batting: LHB Matt Reed 0-0: Ball
1-0: Swinging Strike
1-1: Foul Ball, location: 2F
1-2: Fly out, F7 (Flyball, 7, EV 76.3 MPH)
Batting: LHB Brian Horton 0-0: Ball
1-0: Ball
2-0: Called Strike
2-1: Ground out U3 (Groundball, 3S, EV 78.1 MPH)
Bottom of the 4th over - 0 runs, 0 hits, 0 errors, 0 left on base; Madison 2 - Houston 0
TOP OF THE 5TH
Madison Brewers batting - Pitching for Houston Colt .45's : RHP Matt Konrardy
Batting: RHB Bobby Ujvari 0-0: Ground out 4-3 (Groundball, 4S, EV 90.6 MPH)
Batting: RHB Brock Rowling 0-0: Ball
1-0: Ball
2-0: Called Strike
2-1: Foul Ball, location: 2F
2-2: Strikes out swinging
Batting: RHB Matt Stutzman 0-0: Ground out 3-1 (Groundball, 34S, EV 85.6 MPH)
Top of the 5th over - 0 runs, 0 hits, 0 errors, 0 left on base; Madison 2 - Houston 0
BOTTOM OF THE 5TH
Houston Colt .45's batting - Pitching for Madison Brewers : RHP Matt Stutzman
Batting: RHB Alex Oliveros 0-0: Ball
1-0: Called Strike
1-1: Foul Ball, location: 2F
1-2: Foul Ball, location: 2F
1-2: Foul Ball, location: 2F
1-2: Ball
2-2: Ground out 6-3 (Groundball, 6, EV 103.1 MPH)
Batting: LHB Josh Basford 0-0: Called Strike
0-1: Called Strike
0-2: Foul Ball, location: 2F
0-2: Foul Ball, location: 2F
0-2: Ball
1-2: Ball
2-2: Ground out 1-3 (Groundball, 13S, EV 72.5 MPH)
Batting: RHB Jacob Wright 0-0: Swinging Strike
0-1: Foul Ball, location: 2F
0-2: Ball
1-2: Foul Ball, location: 2F
1-2: Ground out 1-3 (Groundball, 15, EV 78.8 MPH)
Bottom of the 5th over - 0 runs, 0 hits, 0 errors, 0 left on base; Madison 2 - Houston 0
TOP OF THE 6TH
Madison Brewers batting - Pitching for Houston Colt .45's : RHP Matt Konrardy
Batting: RHB Brent Campbell 0-0: Swinging Strike
0-1: Ball
1-1: Foul Ball, location: 2F
1-2: Ground out 6-3 (Groundball, 6, EV 84.4 MPH)
Batting: RHB Micah Christopher 0-0: Called Strike
0-1: Fly out, F8 (Line Drive, 8LM, EV 89.4 MPH)
Batting: LHB Dan Martinez 0-0: Swinging Strike
0-1: Foul Ball, location: 2F
0-2: Ground out 4-3 (Groundball, 4, EV 86.9 MPH)
Top of the 6th over - 0 runs, 0 hits, 0 errors, 0 left on base; Madison 2 - Houston 0
BOTTOM OF THE 6TH
Houston Colt .45's batting - Pitching for Madison Brewers : RHP Matt Stutzman
Pitching: RHP Magnus Schjonberg
Batting: RHB Brian Clark 0-0: Ball
1-0: Ball
2-0: Called Strike
2-1: Swinging Strike
2-2: Ground out 6-3 (Groundball, 6M, EV 98.8 MPH)
Pinch Hitting: RHB Jose Matias 0-0: Called Strike
0-1: Ball
1-1: Foul Ball, location: 2F
1-2: Strikes out swinging
Batting: RHB Jerry Shutt 0-0: Called Strike
0-1: Foul Ball, location: 2F
0-2: Ball
1-2: Ball
2-2: Ground out 3-1 (Groundball, 34, EV 79.4 MPH)
Bottom of the 6th over - 0 runs, 0 hits, 0 errors, 0 left on base; Madison 2 - Houston 0
TOP OF THE 7TH
Madison Brewers batting - Pitching for Houston Colt .45's : RHP Matt Konrardy
Pitching: LHP Dusty Braun
Batting: RHB Justin Menotti 0-0: Called Strike
0-1: Ball
1-1: Swinging Strike
1-2: Ball
2-2: Strikes out swinging
Batting: RHB Mike Feldhausen 0-0: Ball
1-0: Ball
2-0: Foul Ball, location: 2F
2-1: Ball
3-1: DOUBLE (Flyball, 8RXD, EV 108.8 MPH)
Batting: LHB Peter Whistle 0-0: Ball
1-0: Ball
2-0: Ball
3-0: Base on Balls
Batting: RHB Bobby Ujvari 0-0: Ball
1-0: Called Strike
1-1: Ball
2-1: Ball
3-1: Base on Balls
Mike Feldhausen to third
Peter Whistle to second
Pitching: LHP Peter Guiton
Batting: RHB Brock Rowling 0-0: Ball
1-0: Fly out, F7 (Flyball, 78M, EV 84.4 MPH)
Runner from 3rd tags up, SCORES, throw by LF
Pinch Hitting: LHB Danny Brooks 0-0: Ball
1-0: Fly out, F7 (Flyball, 7D, EV 108.1 MPH)
Top of the 7th over - 1 run, 1 hit, 0 errors, 2 left on base; Madison 3 - Houston 0
BOTTOM OF THE 7TH
Houston Colt .45's batting - Pitching for Madison Brewers : RHP Magnus Schjonberg
Pitching: RHP Jesse Pierce
Batting: RHB Alex Gonzales 0-0: Ball
1-0: Ball
2-0: Swinging Strike
2-1: Called Strike
2-2: Foul Ball, location: 2F
2-2: Ground out 1-3 (Groundball, 34S, EV 87.5 MPH)
Batting: LHB Matt Reed 0-0: Ball
1-0: Foul Ball, location: 2F
1-1: Ball
2-1: Ball
3-1: Called Strike
3-2: Ground out 1-3 (Groundball, P, EV 65.6 MPH)
Batting: LHB Brian Horton 0-0: Ball
1-0: SINGLE (Groundball, 4MD, EV 98.8 MPH)
Batting: RHB Alex Oliveros 0-0: Called Strike
0-1: Swinging Strike
0-2: Foul Ball, location: 2F
0-2: Ball
1-2: Ball
2-2: Ball
3-2: Base on Balls
Brian Horton to second
Batting: LHB Josh Basford 0-0: Called Strike
0-1: Ball
1-1: Swinging Strike
1-2: Strikes out swinging
Bottom of the 7th over - 0 runs, 1 hit, 0 errors, 2 left on base; Madison 3 - Houston 0
TOP OF THE 8TH
Madison Brewers batting - Pitching for Houston Colt .45's : LHP Peter Guiton
Pitching: LHP Korbin Self
Batting: RHB Brent Campbell 0-0: Ball
1-0: Ball
2-0: Ball
3-0: Base on Balls
Pitching: LHP Aiden Stewart
Batting: RHB Micah Christopher 0-0: Bunt missed!
0-1: Bunted foul
0-2: Foul Ball, location: 2F
0-2: Ball
1-2: Ball
2-2: Fly out, F9 (Line Drive, 9D, EV 92.5 MPH)
Pitching: RHP Ron Dark
Batting: LHB Dan Martinez Balk!
Brent Campbell to second
0-0: Intentional Walk
Batting: RHB Justin Menotti 0-0: Ball
1-0: Ball
2-0: Ball
3-0: Base on Balls
Brent Campbell to third
Dan Martinez to second
Batting: RHB Mike Feldhausen 0-0: Ball
Wild Pitch!
Brent Campbell scores
Dan Martinez to third
Justin Menotti to second
1-0: Ball
2-0: Foul Ball, location: 2F
2-1: Foul Ball, location: 2F
2-2: Strikes out swinging
Batting: LHB Peter Whistle 0-0: Ball
1-0: Called Strike
1-1: Foul Ball, location: 2F
1-2: Strikes out looking
Top of the 8th over - 1 run, 0 hits, 0 errors, 2 left on base; Madison 4 - Houston 0
BOTTOM OF THE 8TH
Houston Colt .45's batting - Pitching for Madison Brewers : RHP Jesse Pierce
Pitching: RHP Juan Rico
Batting: RHB Jacob Wright 0-0: SINGLE (Groundball, 56D, EV 102.5 MPH)
Batting: RHB Brian Clark 0-0: DOUBLE (Line Drive, 9LD, EV 113.8 MPH)
Jacob Wright to third
Runner from 3rd tries for Home, SAFE, throw by RF to home
Batting: RHB Ron Dark 0-0: Sac Bunt to P - play at first, batter OUT! 1-4
Brian Clark to third
Batting: RHB Jerry Shutt 0-0: Ball
1-0: Ground out 5-3 (Groundball, 56S, EV 71.3 MPH)
Brian Clark scores
Batting: RHB Alex Gonzales 0-0: Foul Ball, location: 2F
0-1: Foul Ball, location: 2F
0-2: Ball
1-2: Ball
2-2: Ball
3-2: Ground out 3-1 (Groundball, 34, EV 78.1 MPH)
Bottom of the 8th over - 2 runs, 2 hits, 0 errors, 0 left on base; Madison 4 - Houston 2
TOP OF THE 9TH
Madison Brewers batting - Pitching for Houston Colt .45's : RHP Ron Dark
Batting: RHB Bobby Ujvari 0-0: Ground out 5-3 (Groundball, 56, EV 91.9 MPH)
Batting: RHB Brock Rowling 0-0: Called Strike
0-1: Foul Ball, location: 2F
0-2: Ball
1-2: Ball
2-2: SINGLE (Groundball, 34D, EV 97.5 MPH)
Pinch Hitting: LHB Myles Bridges 0-0: Called Strike
0-1: SINGLE (Flyball, 89S, EV 91.9 MPH)
Brock Rowling to second
Brock Rowling to third
Batting: RHB Brent Campbell 0-0: Ball
1-0: Foul Ball, location: 2F
1-1: Ball
2-1: Ball
3-1: Swinging Strike
3-2: Base on Balls
Myles Bridges to second
Batting: RHB Micah Christopher 0-0: Ball
1-0: Fly out, F9 (Flyball, 89D, EV 92.5 MPH)
Runner from 3rd tags up, SCORES, throw by RF
Myles Bridges to third
Batting: LHB Dan Martinez 0-0: SINGLE (Line Drive, 34D, EV 106.3 MPH)
Myles Bridges scores
Brent Campbell to second
Runner from 2nd tries for 3rd, SAFE, no throw by RF
Batting: RHB Justin Menotti 0-0: Ground out 4-3 (Groundball, 4, EV 105.0 MPH)
Top of the 9th over - 2 runs, 3 hits, 0 errors, 2 left on base; Madison 6 - Houston 2
BOTTOM OF THE 9TH
Houston Colt .45's batting - Pitching for Madison Brewers : RHP Juan Rico
Pitching: LHP Gerald Brown
Batting: LHB Matt Reed 0-0: Called Strike
0-1: Ball
1-1: Fly out, F8 (Line Drive, 8LD, EV 91.9 MPH)
Batting: LHB Brian Horton 0-0: Ball
1-0: SINGLE (Groundball, 56D, EV 105.0 MPH)
Batting: RHB Alex Oliveros 0-0: Ball
1-0: Ball
Passed Ball!
Brian Horton to second
2-0: Foul Ball, location: 2F
2-1: Swinging Strike
2-2: Ball
3-2: Foul Ball, location: 2F
3-2: Base on Balls
Pitching: LHP Miguel Medrano
Batting: LHB Josh Basford 0-0: Fielders Choice at 2nd, 1-6 (Groundball, 34S, EV 91.3 MPH)
Brian Horton to third
Batting: RHB Jacob Wright 0-0: Foul Ball, location: 2F
0-1: Ball
Wild Pitch!
Brian Horton scores
Josh Basford to second
1-1: Ball
2-1: Foul Ball, location: 2F
2-2: 2-RUN HOME RUN (Line Drive, 78XD, EV 101.9 MPH), Distance : 419 ft
Pinch Hitting: RHB Jim Pinnow 0-0: Called Strike
0-1: Ball
1-1: Ball
2-1: Foul Ball, location: 2F
2-2: Ground out 4-3 (Groundball, 4S, EV 83.1 MPH)
Bottom of the 9th over - 3 runs, 2 hits, 0 errors, 0 left on base; Madison 6 - Houston 5
Thursday, March 31st , 2022 - OOTP Baseball 22.12 Build 89